 Dungeon Crawl Stone Soup version 0.24-a0-365-ga4d96b6e6e (webtiles) character file.

Game seed: 997510743625219242

135 Ereth the Shield-Bearer (level 4, -4/44 HPs)
             Began as a Troll Fighter on May 27, 2019.
             Slain by a hobgoblin
             ... wielding a +0 scythe
              (6 damage)
             ... on level 4 of the Dungeon.
             The game lasted 00:04:16 (1654 turns).

Ereth the Shield-Bearer (Troll Fighter)             Turns: 1654, Time: 00:04:16

Health: -4/44      AC:  7    Str: 25    XL:     4   Next: 96%
Magic:  3/3        EV:  8    Int:  4    God:
Gold:   75         SH:  9    Dex:  9    Spells: 3/3 levels left

rFire    . . .     SeeInvis .     - Unarmed
rCold    . . .     Gourm    +   b - +0 shield
rNeg     . . .     Faith    .   a - +1 robe
rPois    .         Spirit   .   (helmet restricted)
rElec    .         Reflect  .   (no cloak)
rCorr    .         Harm     .   (gloves unavailable)
MR       .....                  (boots unavailable)
Stlth    +.........             (no amulet)
HPRegen  0.54/turn              (no ring)
MPRegen  0.08/turn              (no ring)

@: no status effects
A: large, unfitting armour, claws 3, fast metabolism 3, gourmand, regeneration
1, shaggy fur 1, tough skin 3
a: no special abilities


You were on level 4 of the Dungeon.
You were completely stuffed.

You visited 1 branch of the dungeon, and saw 4 of its levels.

You collected 75 gold pieces.

Inventory:

Armour
 a - a +1 robe (worn)
 b - a +0 shield (worn)
 q - a +1 robe of the Archmagi
Jewellery
 i - a +3 ring of dexterity {unknown}
 s - an uncursed ring of magical power {unknown}
Scrolls
 g - a scroll of identify
 j - 3 scrolls of enchant armour
 m - 3 scrolls of fog
 n - a scroll of random uselessness {unknown}
Potions
 c - 2 potions of might
 e - 2 potions of degeneration {unknown}
 f - a potion of invisibility {unknown}
 h - a potion of heal wounds {unknown}
 k - a potion of curing {unknown}
 l - 2 potions of ambrosia
 p - 2 potions of brilliance {unknown}
Comestibles
 d - 7 rations


   Skills:
 + Level 2.9 Fighting
 + Level 3.1 Dodging
 + Level 0.1 Stealth
 + Level 3.2 Shields
 + Level 3.2 Unarmed Combat


You had 3 spell levels left.
You didn't know any spells.
Your spell library was empty.

Dungeon Overview and Level Annotations

Branches:
Dungeon (4/15)
 Temple: D:4-7

Altars:
Cheibriados
Dithmenos
Zin


Innate Abilities, Weirdness & Mutations

You are too large for most types of armour.
You have claws for hands.
Your metabolism is lightning-fast.
You like to eat raw meat.
Your natural rate of healing is unusually fast.
You are covered in fur. (AC +1)
You have extremely tough skin. (AC +3)


Message History

You mangle the hound!!
You kill the hound!
Okay, then.
The orc completely misses you.
The orc hits you from afar with a +0 scythe.
* * * LOW HITPOINT WARNING * * *
You scratch the orc.
The orc is heavily wounded.
The orc barely misses you.
You closely miss the orc.
The orc is heavily wounded.
The orc barely misses you.
You claw the orc!
You kill the orc!
The hobgoblin hits you from afar with a +0 scythe.
* * * LOW HITPOINT WARNING * * *
You block the orc's attack. You block the hobgoblin's attack.
The hobgoblin hits you with a +0 scythe.
You die...

. # ) #### .#. #..
#.# #.# #.# #.###♣
#.#### #.#..♣
...####....###@#..♣♣♣
#.......#....go..#.#
#....##.#####g.....#
#....##.# ####.###
#.....#.# #...#
##....#.# #...#
#....#.# #...#####
#......# #........
##...### ##....###.


You could see an orc and 2 hobgoblins.

Vanquished Creatures
  A hound (D:4)
  Jessica (D:2)
  4 adders
  3 dart slugs (D:1)
  A leopard gecko (D:2)
  2 orcs
  2 bats
  4 giant cockroaches
  5 goblins
  3 hobgoblins
  5 kobolds
  2 ball pythons
  5 frilled lizards
  2 rats
40 creatures vanquished.

Notes
Turn   | Place    | Note
-------+----------+-------------------------------------------
     0 | D:1      | Ereth the Troll Fighter began the quest for the Orb.
     0 | D:1      | Reached XP level 1. HP: 22/22 MP: 0/0
   141 | D:1      | Reached XP level 2. HP: 29/29 MP: 1/1
   664 | D:2      | Found a snail-covered altar of Cheibriados.
   685 | D:2      | Reached XP level 3. HP: 32/36 MP: 2/2
  1041 | D:2      | Noticed Jessica
  1050 | D:2      | Killed Jessica
  1050 | D:2      | Reached XP level 4. HP: 27/44 MP: 3/3
  1454 | D:3      | Found a glowing silver altar of Zin.
  1506 | D:3      | Found a shadowy altar of Dithmenos.
  1653 | D:4      | HP: 2/44 [hobgoblin/+0 scythe (5)]
  1654 | D:4      | Slain by a hobgoblin

Levels and vault maps discovered:
D:1:      dpeg_arrival_stonehenge_8_columns, layout_basic,
          grunt_decor_mini_mirrors, serial_bayou_pond_a
D:2:      layout_basic, nicolae_overflow_crystal_walls, first_ration,
          uniq_jessica
D:3:      layout_basic, lemuel_doored_altar, lemuel_crystal_altar
D:4:      layout_loops_cross, kennysheep_mini_moat,
          nicolae_overflow_hidden_temple, sigmund_army

Skill      XL: |  1  2  3  4 |
---------------+-------------+-----
Shields        | 3 |  3.2
Dodging        | 3 |  3.1
Unarmed Combat | 3 |  3.2
Fighting       | |  2.9
Stealth        | |  0.1

Action                   |  1- 3 |  4- 6 || total
-------------------------+-------+-------++-------
Melee: Unarmed           |   102 |    43 ||   145
  Use: Scroll            |       |     6 ||     6
 Stab: Sleeping          |     1 |       ||     1
  Eat: Chunk             |     9 |     8 ||    17
       Ration            |     1 |       ||     1
Armor: Robe              |    26 |    25 ||    51
Dodge: Dodged            |    19 |    24 ||    43
Block: Shield            |    40 |    22 ||    62

Table legend:
 A = Non-vault XP
 B = Vault XP
 C = Vault XP percentage of total XP
 D = Non-vault monster count
 E = Vault monster count
 F = Vault count percentage of total count
                 A         B        C        D         E       F
            +---------+---------+-------+---------+---------+-------
      Total |     153 |      40 |  20.7 |      38 |       2 |   5.0
            +---------+---------+-------+---------+---------+-------
        D:1 |      22 |       0 |   0.0 |       9 |       0 |   0.0
        D:2 |      64 |      37 |  36.6 |      18 |       1 |   5.3
        D:3 |      14 |       0 |   0.0 |       9 |       0 |   0.0
        D:4 |      53 |       3 |   5.4 |       2 |       1 |  33.3
            +---------+---------+-------+---------+---------+-------
